AoeStats
← knightofni

Arena

512856428Analyzed
1v1 RM · 7d ago on Oct 11, 2026· 37m 6s· 2 players
Game mode
Random Map
Map size
Tiny (2 player)
Population
200
Speed
Normal
Resources
Standard
Victory
Conquest
Starting age
Dark Age
Ending age
Imperial Age
RankedLock teamsTeams togetherTeam positionsShared explorationLock speedFull tech treeHidden civsTurbo modeCheats
Victory
Defeat
🇹🇷 Turks · Türkiye
903
+14
vs
🇸🇬 Gurjaras · Singapore
870
-38
knightofni
0:50 Loom
13:01 Feudal Age
13:35 Town Watch
14:26 Wheelbarrow
13:57 Arson
14:46 Double-Bit Axe
17:43 Stone Mining
19:19 Gold Mining
22:25 Castle Age
21:02 Bloodlines
21:31 Forging
21:55 Horse Collar
24:33 Stone Shaft Mining
24:38 Bow Saw
24:59 Treadmill Crane
26:07 Gold Shaft Mining
26:46 Town Patrol
28:36 Masonry
28:22 Murder Holes
28:49 Elite Skirmisher
29:39 Light Cavalry
30:20 Husbandry
32:00 Hand Cart
32:44 Ballistics
33:57 Iron Casting
34:03 Heavy Plow
38:32 Imperial Age
☆ Alpha ☆
4:14 Loom
10:18 Feudal Age
10:56 Horse Collar
11:03 Double-Bit Axe
19:16 Castle Age
18:27 Forging
19:02 Scale Barding Armor
20:42 Bloodlines
23:02 Wheelbarrow
23:25 Heavy Plow
24:05 Hand Cart
29:24 Imperial Age
27:23 Husbandry
28:00 Iron Casting
28:36 Ballistics
28:35 Fletching
29:13 Chain Barding Armor
29:25 Treadmill Crane
30:39 Bow Saw
31:52 Blast Furnace
32:32 Conscription
34:39 Two-Man Saw
34:30 Treadmill Crane
35:33 Fletching
Connection lost

Rejoining the realm…

Still unreachable

The connection could not be restored.

Session expired

The server has moved on; the page needs a fresh start.